 Dungeon Crawl Stone Soup version 0.25.1-8-g42b30a86e7 (webtiles) character file.

Game seed: 17670993809806121482

166 hehateme the Skirmisher (level 5, -1/34 HPs)
             Began as a Gargoyle Gladiator on Dec 3, 2020.
             Was an Initiate of Fedhas.
             Slain by Grinder (2 damage)
             ... while paralysed by Grinder
             ... on level 4 of the Dungeon.
             The game lasted 00:05:42 (3117 turns).

hehateme the Skirmisher (Gargoyle Gladiator)        Turns: 3117, Time: 00:05:43

Health: -1/34      AC: 14    Str: 16 (19) XL:     5   Next: 47%
Magic:  5/5        EV:  2    Int:  7 (8)  God:    Fedhas [......]
Gold:   142        SH:  0    Dex:  9 (11) Spells: 4/4 levels left

rFire    + . .     SeeInvis .   a - +0 war axe
rCold    . . .     Gourm    .   (no shield)
rNeg     + . .     Faith    .   h - +0 ring mail
rPois    ∞         Spirit   .   q - +2 helmet
rElec    +         Reflect  .   (no cloak)
rCorr    .         Harm     .   o - +0 pair of gloves
MR       .....                  e - +0 pair of boots
Stlth    ..........             (no amulet)
HPRegen  0.00/turn              n - ring of fire
MPRegen  0.09/turn              (no ring)

@: paralysed
A: cold resistance 1, negative energy resistance 1, electricity resistance,
inhibited regeneration, unbreathing, petrification resistance, rot immunity, AC
+4
a: Renounce Religion


You were on level 4 of the Dungeon.
You worshipped Fedhas.
Fedhas was noncommittal.
You were not hungry.

You visited 1 branch of the dungeon, and saw 4 of its levels.

You collected 142 gold pieces.

Inventory:

Hand Weapons
 a - a +0 war axe (weapon)
Missiles
 d - 3 throwing nets (quivered)
Armour
 b - a +0 leather armour
 c - a +0 helmet
 e - a +0 pair of boots (worn)
 h - a +0 ring mail (worn)
 o - a +0 pair of gloves (worn)
 q - a +2 helmet (worn)
Jewellery
 n - a ring of fire (left hand)
 s - a cursed -4 ring of intelligence {unknown}
Wands
 p - a wand of digging (4)
Scrolls
 i - 4 scrolls of remove curse {unknown}
 j - 3 scrolls of teleportation {unknown}
 k - 2 scrolls of identify
 m - 2 scrolls of amnesia {unknown}
 r - 2 scrolls of enchant weapon {unknown}
Potions
 g - a potion of degeneration
 l - a potion of stabbing {unknown}
 t - a potion of curing
 u - a potion of haste
 v - a potion of magic {unknown}
Comestibles
 f - 7 rations
 w - 2 chunks of flesh


   Skills:
 + Level 4.9 Fighting
 - Level 3.5 Axes
 - Level 1.7 Throwing
 - Level 1.5 Armour
 - Level 2.4 Dodging


You had 4 spell levels left.
You didn't know any spells.
Your spell library was empty.

Dungeon Overview and Level Annotations

Branches:
Dungeon (4/15)
 Temple: D:4-7

Altars:
Fedhas

Annotations:
D:3 exclusion: downstairs
D:4 Grinder


Innate Abilities, Weirdness & Mutations

You are resistant to torment.
Your stone body is resilient. (AC +4)
You are immune to poison.
You resist negative energy. (rN+)
You are resistant to electric shocks. (rElec)
You can survive without breathing.
You are immune to petrification.
You are immune to rotting.
Your flesh is cold resistant. (rC+)
You do not regenerate when monsters are visible.


Message History

Grinder completely misses you.
Your ring mail prevents you from hitting Grinder.
Grinder is lightly wounded.
Grinder barely misses you.
You barely miss Grinder.
Grinder is lightly wounded.
Grinder closely misses you. Grinder barely misses you.
You closely miss Grinder. Grinder gestures at you.
You suddenly lose the ability to move!
Grinder hits you.
* * * LOW HITPOINT WARNING * * *
You writhe in agony.
* * * LOW HITPOINT WARNING * * *
Grinder hits you but does no damage. Grinder hits you!
* * * LOW HITPOINT WARNING * * *
You writhe in agony.
You die...
Fedhas appreciates your contribution to the ecosystem.

#############
####...........#
###.##.#########.#
......#.## #.#
#....###.# ##.######
##....#.## #..5....#
###.#..## #.@#.#
###.#<## #..#^# ......#
#....# ###'### #..(.#
##...## ##..## #.....##
####..###.# .......##
##.##..)...#
........####......#####
........'.......###


You could see Grinder.

Vanquished Creatures
  An iguana (D:4)
  A gnoll (D:1)
  4 adders
  An ooze (D:3)
  2 worms (D:3)
  3 dart slugs
  A leopard gecko (D:1)
  3 orcs (D:3)
  8 bats
  5 giant cockroaches
  7 goblins
  11 hobgoblins
  7 jackals
  4 frilled lizards
  11 kobolds
  4 rats
73 creatures vanquished.

Notes
Turn   | Place    | Note
-------+----------+-------------------------------------------
     0 | D:1      | hehateme the Gargoyle Gladiator began the quest for the
                  | Orb.
     0 | D:1      | Reached XP level 1. HP: 12/12 MP: 1/1
    94 | D:1      | Reached XP level 2. HP: 18/18 MP: 2/2
   267 | D:1      | Reached skill level 1 in Armour
   358 | D:1      | Reached XP level 3. HP: 15/22 MP: 3/3
  1128 | D:2      | Reached skill level 3 in Fighting
  1138 | D:1      | Reached XP level 4. HP: 21/28 MP: 4/4
  1937 | D:3      | Found a blossoming altar of Fedhas.
  1954 | D:3      | Reached skill level 4 in Fighting
  1963 | D:3      | Gained mutation: You do not regenerate when monsters are
                  | visible. [potion of mutation]
  1963 | D:3      | Gained mutation: Your flesh is cold resistant. (rC+)
                  | [potion of mutation]
  1990 | D:3      | Reached XP level 5. HP: 12/33 MP: 5/5
  2888 | D:3      | Became a worshipper of Fedhas Madash
  2918 | D:4      | Noticed an ogre
  3095 | D:4      | Noticed Grinder
  3099 | D:4      | Paralysed by Grinder for 6 turns
  3114 | D:4      | Paralysed by Grinder for 6 turns
  3117 | D:4      | HP: 1/34 [Grinder (7)]
  3117 | D:4      | Slain by Grinder

Illustrated notes

Levels and vault maps discovered:
D:1:      dpeg_arrival_court, layout_loops_cross, minmay_ruptured
D:2:      layout_rooms, first_ration, minmay_hexomino_p4
D:3:      layout_basic, nicolae_overflow_crystal_walls
D:4:      layout_loops_corners, temple_fountains, uniq_grinder

Skill      XL: |  1  2  3  4 |
---------------+-------------+-----
Axes           | 3 |  3.5
Armour         | 1 |  1.5
Fighting       | 3 4 |  4.9
Throwing       | |  1.7
Dodging        | |  2.4

Action                   |  1- 3 |  4- 6 || total
-------------------------+-------+-------++-------
Melee: War axe           |    91 |   138 ||   229
  Use: Potion            |     2 |     3 ||     5
       Scroll            |     1 |       ||     1
  Eat: Chunk             |     1 |     6 ||     7
Armor: Leather armour    |    56 |     5 ||    61
       Skin              |       |    38 ||    38
       Ring mail         |       |    64 ||    64
Dodge: Dodged            |    92 |   103 ||   195
